[Event "Titled Tuesday Blitz June 27 Late 2023"]
[White "Remolar Gallen, Jose"]
[Black "Andersson, Bjorn 1971"]
[WhiteFideId "2215187"]
[BlackFideId "1702114"]
[WhiteElo "2451"]
[BlackElo "2339"]
[Result "1-0"]
[Round "5"]
[TimeControl "180+2"]
[Date "2023.06.27"]
[WhiteClock "0:00:23"]
[BlackClock "0:00:21"]
[Board "120"]

1. e4 c5 2. Nf3 Nc6 3. d4 cxd4 4. Nxd4 Nf6 5. Nc3 e5 6. Ndb5 d6 7. a4 a6 8. Na3 Be7 9. Bd3 O-O 10. O-O Kh8 11. Nc4 d5 12. exd5 Nxd5 13. Nxd5 Qxd5 14. Nb6 Qd8 15. Nxa8 Be6 16. f4 Qxa8 17. f5 Bc8 18. f6 Bc5+ 19. Kh1 g6 20. Bh6 Rd8 21. Qe1 Be6 22. Be4 Nd4 23. Qh4 Kg8 24. Bg7 Rd7 25. Rae1 Qd8 26. Bd3 Nc6 27. Re4 Nd4 28. Qxh7+ 1-0


[Site "https://www.chess.com"]

[Event "Titled Tuesday Blitz June 27 Late 2023"]
[White "Kisic, Bozidar"]
[Black "BrandonJiang123456"]
[WhiteFideId "16500350"]
[WhiteElo "2448"]
[BlackElo "2215"]
[Result "1-0"]
[Round "5"]
[TimeControl "180+2"]
[Date "2023.06.27"]
[WhiteClock "0:00:05"]
[BlackClock "0:00:00"]
[Board "121"]

1. d4 e6 2. Bf4 f5 3. g4 fxg4 4. h3 g3 5. Bxg3 Nf6 6. Nd2 Be7 7. e4 O-O 8. e5 Nd5 9. Bd3 Qe8 10. Qg4 Nc6 11. c3 d6 12. Ngf3 dxe5 13. Nxe5 Nxe5 14. Bxe5 Bf6 15. Qe4 g6 16. O-O-O Bxe5 17. Qxe5 Rxf2 18. Rhf1 Rxf1 19. Rxf1 Qe7 20. Ne4 Qg7 21. Qg5 Bd7 22. Nc5 b6 23. Nxd7 Qxd7 24. Bxg6 Qg7 25. Bf7+ Kh8 26. Qxg7+ Kxg7 27. Bxe6 Nf6 28. Bf5 Re8 29. Kd2 Ne4+ 30. Bxe4 Rxe4 31. Kd3 Re6 32. c4 Kg6 33. b4 h5 34. d5 Re5 35. Rg1+ Kf6 36. a4 Rf5 37. Rg3 Rf1 38. Kd4 Rd1+ 39. Rd3 Rb1 40. b5 Ra1 41. Rf3+ Kg6 42. Rg3+ Kf6 43. h4 Rxa4 44. Rg5 a5 45. bxa6 b5 46. Rxh5 Rxc4+ 47. Kd3 Ra4 48. Rh6+ Kg7 49. Rc6 Rxh4 50. Rxc7+ Kf6 51. a7 Ra4 52. d6 Ke6 53. d7 Ke7 54. Kc3 Ra1 55. Kb2 Ra4 56. Rb7 b4 57. Kb3 Ra1 58. Kxb4 Rb1+ 59. Kc5 Rxb7 60. a8=Q Rxd7 61. Qe4+ Kf7 62. Qf5+ Ke7 63. Kc6 Rd6+ 64. Kc7 Re6 65. Qg5+ Rf6 66. Qg7+ Ke6 67. Qg8+ Kf5 68. Kd7 Ke5 69. Qg3+ Rf4 70. Ke7 Ke4 71. Ke6 Rf3 72. Qg6+ Kd4 73. Qg4+ Ke3 74. Ke5 Rf1 75. Qe4+ Kf2 76. Kf4 Re1 77. Qc2+ Kf1 78. Kf3 1-0


[Site "https://www.chess.com"]

[Event "Titled Tuesday Blitz June 27 Late 2023"]
[White "Bazzano, Sebastian"]
[Black "Weishaeutel, Moritz"]
[WhiteFideId "104566"]
[BlackFideId "12967300"]
[WhiteElo "2223"]
[BlackElo "2628"]
[Result "0-1"]
[Round "5"]
[TimeControl "180+2"]
[Date "2023.06.27"]
[WhiteClock "0:00:04"]
[BlackClock "0:01:47"]
[Board "122"]

1. d4 Nf6 2. Bf4 d5 3. e3 c5 4. c3 Nc6 5. Nd2 e6 6. Ngf3 cxd4 7. exd4 Nh5 8. Bg5 f6 9. Be3 Bd6 10. Bd3 Nf4 11. Bxf4 Bxf4 12. O-O O-O 13. Re1 e5 14. dxe5 fxe5 15. Bb5 Qb6 16. Bxc6 bxc6 17. Qb3 e4 18. Nxe4 Qxb3 19. axb3 dxe4 20. Rxe4 Bc7 21. Nd4 Bb6 22. b4 c5 23. bxc5 Bxc5 24. b4 Bb6 25. Ra2 Bb7 26. Rg4 Rae8 27. h4 Re1+ 28. Kh2 Rc1 29. Ra3 Bc7+ 30. Kh3 Rh1# 0-1


[Site "https://www.chess.com"]

[Event "Titled Tuesday Blitz June 27 Late 2023"]
[White "Lopez Del Alamo, Antonio"]
[Black "Adewumi, Tanitoluwa"]
[WhiteFideId "2227339"]
[BlackFideId "30966396"]
[WhiteElo "2365"]
[BlackElo "2609"]
[Result "0-1"]
[Round "5"]
[TimeControl "180+2"]
[Date "2023.06.27"]
[WhiteClock "0:00:03"]
[BlackClock "0:00:28"]
[Board "123"]

1. e4 c5 2. Nf3 e6 3. d3 Nc6 4. g3 d5 5. Nbd2 Nf6 6. Bg2 Be7 7. O-O h6 8. Re1 Qc7 9. h4 b6 10. Nf1 a5 11. N1h2 Bb7 12. e5 Nd7 13. Qe2 b5 14. Bf4 a4 15. a3 b4 16. c3 bxc3 17. bxc3 Nb6 18. Ng4 Qd7 19. Rab1 Qd8 20. Qb2 Ra6 21. Bf1 Na5 22. d4 c4 23. Ra1 Nb3 24. Ra2 Nd7 25. h5 Qa5 26. Ne3 Rb6 27. Qc2 Bc6 28. Bh3 Kd8 29. g4 Kc7 30. Bg2 Rhb8 31. g5 hxg5 32. Nxg5 Nxd4 33. Qc1 Rb1 34. Qxb1 Rxb1 35. Rxb1 Bxg5 36. Bxg5 Nb3 37. Be7 Qxc3 38. Bd6+ Kc8 39. Rc2 Qd3 40. Rd1 Qh7 41. Nxc4 Qxc2 0-1


[Site "https://www.chess.com"]

[Event "Titled Tuesday Blitz June 27 Late 2023"]
[White "Castella Garcia, Fausto"]
[Black "Zeynalli, Rashad"]
[WhiteFideId "3501922"]
[BlackFideId "13403320"]
[WhiteElo "2350"]
[BlackElo "2599"]
[Result "1-0"]
[Round "5"]
[TimeControl "180+2"]
[Date "2023.06.27"]
[WhiteClock "0:00:28"]
[BlackClock "0:00:57"]
[Board "124"]

1. e4 c6 2. Nc3 d5 3. Nf3 Bg4 4. h3 Bxf3 5. Qxf3 e6 6. d4 dxe4 7. Nxe4 Be7 8. Bd3 Nf6 9. O-O Qxd4 10. Be3 Qe5 11. Bf4 Qd5 12. Rad1 Nbd7 13. c4 Qa5 14. Nd6+ Bxd6 15. Bxd6 O-O-O 16. b4 Qh5 17. Qe3 Nb6 18. Be2 Qf5 19. a4 Qe4 20. a5 Qxe3 21. fxe3 Na4 22. Be5 Ne4 23. Rxd8+ Rxd8 24. Rxf7 Rd7 25. Rf4 Nac3 26. Bf3 g5 27. Rxe4 Nxe4 28. Bxe4 Rd1+ 29. Kh2 Rc1 30. Bxh7 Rxc4 31. g3 Rxb4 32. e4 c5 33. h4 gxh4 34. gxh4 c4 35. h5 Rb5 36. h6 Rxe5 37. Bg6 c3 38. h7 Rc5 39. h8=Q+ Kc7 40. Qg7+ Kd6 41. Qd4+ Kc6 42. Be8+ Kc7 43. Qxc5+ 1-0


[Site "https://www.chess.com"]

[Event "Titled Tuesday Blitz June 27 Late 2023"]
[White "Palencia Morales, Wilson Guillermo"]
[Black "Wendt, Jan-Dietrich"]
[WhiteFideId "4401859"]
[BlackFideId "4623797"]
[WhiteElo "2552"]
[BlackElo "2358"]
[Result "1-0"]
[Round "5"]
[TimeControl "180+2"]
[Date "2023.06.27"]
[WhiteClock "0:00:55"]
[BlackClock "0:00:00"]
[Board "125"]

1. d4 Nf6 2. c4 g6 3. Nf3 Bg7 4. Nc3 O-O 5. e4 d6 6. Be2 c5 7. d5 e6 8. h3 Re8 9. O-O Na6 10. Bf4 e5 11. Bg5 h6 12. Be3 Nh5 13. Qd2 Kh7 14. Kh2 Nc7 15. Ng1 Nf6 16. a4 Na6 17. Bd3 Nb4 18. Rae1 Nxd3 19. Qxd3 b6 20. Kh1 a6 21. f4 exf4 22. Bxf4 Ra7 23. Nf3 Rae7 24. Bh2 Qc7 25. e5 dxe5 26. d6 Qd8 27. Nxe5 Rxe5 28. Rxe5 Bf5 29. Rexf5 gxf5 30. Qxf5+ Kh8 31. Be5 Re6 32. Nd5 Rxe5 33. Qxe5 Ne8 34. Qe7 1-0


[Site "https://www.chess.com"]

[Event "Titled Tuesday Blitz June 27 Late 2023"]
[White "Peycheva, Gergana"]
[Black "micke12a"]
[WhiteFideId "2916711"]
[WhiteElo "2518"]
[BlackElo "2348"]
[Result "1-0"]
[Round "5"]
[TimeControl "180+2"]
[Date "2023.06.27"]
[WhiteClock "0:01:20"]
[BlackClock "0:01:36"]
[Board "126"]

1. d4 Nf6 2. c4 c5 3. d5 b5 4. cxb5 a6 5. b6 e6 6. Nc3 Nxd5 7. Nxd5 exd5 8. Qxd5 Nc6 9. Nf3 Rb8 10. e4 Be7 11. Bc4 O-O 12. O-O Rxb6 13. b3 d6 14. Qh5 Bf6 15. Bg5 h6 16. Bxf6 Qxf6 17. Rad1 Re8 18. Rxd6 Qxd6 19. Qxf7+ Kh7 20. Qxe8 Ne7 21. e5 Qc7 22. Qh5 Bf5 23. Ng5+ Kh8 24. Nf7+ Kh7 25. Ng5+ Kh8 26. Qe8+ 1-0


[Site "https://www.chess.com"]

[Event "Titled Tuesday Blitz June 27 Late 2023"]
[White "Shapiro, Viktor"]
[Black "Glavina, Pablo"]
[WhiteFideId "4175700"]
[BlackFideId "100234"]
[WhiteElo "2514"]
[BlackElo "2345"]
[Result "0-1"]
[Round "5"]
[TimeControl "180+2"]
[Date "2023.06.27"]
[WhiteClock "0:00:13"]
[BlackClock "0:00:14"]
[Board "127"]

1. Nf3 d5 2. g3 Nd7 3. Bg2 e5 4. d3 Ngf6 5. O-O Bc5 6. Bg5 O-O 7. Nbd2 h6 8. Bxf6 Qxf6 9. e4 c6 10. Qe2 Re8 11. a3 a5 12. c3 b6 13. b4 Bd6 14. b5 Bb7 15. bxc6 Bxc6 16. exd5 Bxd5 17. Ne4 Bxe4 18. Qxe4 Nc5 19. Qc4 Rac8 20. Nd2 e4 21. d4 Nd3 22. Qb3 e3 23. fxe3 Qg5 24. Qxf7+ Kh8 25. Ne4 Qxe3+ 26. Kh1 Rxe4 27. Qd7 Ree8 28. Qxd6 Rxc3 29. Rf8+ Kh7 30. Raf1 Rc2 31. R8f7 Qe2 32. Qd5 Nf2+ 33. R7xf2 Qxf2 34. Rxf2 Rxf2 35. h4 Re1+ 36. Kh2 Ree2 37. Kh3 Rxg2 38. Qf5+ Kg8 39. Qc8+ Kh7 40. Qf5+ Kg8 41. Qd5+ Kf8 42. Qxg2 Rxg2 43. Kxg2 Ke7 44. Kf3 Kd6 45. Ke4 b5 46. g4 a4 47. g5 hxg5 48. hxg5 b4 49. axb4 a3 50. Kd3 a2 51. Kc2 a1=Q 0-1


[Site "https://www.chess.com"]

[Event "Titled Tuesday Blitz June 27 Late 2023"]
[White "Vaglio Mattey, Emanuel"]
[Black "GAO"]
[WhiteFideId "6504167"]
[WhiteElo "2513"]
[BlackElo "2344"]
[Result "1/2-1/2"]
[Round "5"]
[TimeControl "180+2"]
[Date "2023.06.27"]
[WhiteClock "0:00:21"]
[BlackClock "0:00:14"]
[Board "128"]

1. Nf3 Nf6 2. b3 g6 3. Bb2 Bg7 4. e3 O-O 5. d4 b6 6. Be2 Bb7 7. O-O d6 8. c4 Nbd7 9. Nc3 e5 10. dxe5 dxe5 11. Qc2 Qe7 12. Rad1 Rfd8 13. Nd5 Nxd5 14. cxd5 Rac8 15. e4 a5 16. Bb5 Nc5 17. Ba3 c6 18. Bxc5 bxc5 19. Bc4 cxd5 20. exd5 Rd6 21. Rfe1 Rcd8 22. Qc3 Bxd5 23. Bxd5 Rxd5 24. Rxd5 Rxd5 25. Qxa5 e4 26. Qa8+ Rd8 27. Qxe4 Qxe4 28. Rxe4 Rd1+ 29. Re1 Rd6 30. Kf1 Ra6 31. Re2 Bc3 32. Rc2 Bb4 33. a4 Re6 34. g3 Kg7 35. Nd2 h5 36. h4 Rd6 37. Ne4 Rd1+ 38. Kg2 Rb1 39. Nxc5 Bxc5 40. Rxc5 Rxb3 41. Rc7 Ra3 42. Ra7 Kf6 43. a5 Kg7 44. Ra8 Kf6 45. a6 Kg7 46. Kf1 Ra2 47. a7 Kf6 48. Ke1 Kf5 49. Kd1 Kg4 50. Ke1 Kf3 51. Re8 Ra1+ 52. Kd2 Rxa7 53. Re3+ Kg4 54. Rb3 Re7 55. Rb4+ Kf5 56. Rf4+ Ke6 57. Kd3 Rd7+ 58. Ke3 Rd5 59. Ke2 Re5+ 60. Kf1 Rf5 61. Ra4 Re5 62. Kg2 Kf6 63. Ra6+ Re6 64. Ra8 Kg7 65. f3 Rf6 66. g4 Rc6 67. g5 Rc4 68. Kg3 Rb4 69. Ra7 Rc4 70. Re7 Rb4 71. Rd7 Rc4 72. Rb7 Ra4 73. Rb5 Rc4 74. Rb3 Ra4 75. Re3 Rc4 76. Re4 Rc3 77. Kf4 Rc5 78. Ra4 Rb5 79. Ra7 Rf5+ 80. Kg3 Rb5 81. Ra4 Rf5 82. Ra2 Rb5 83. Rf2 Rb4 84. f4 Rb3+ 85. Rf3 Rb5 86. Re3 Rf5 87. Kf3 Ra5 88. Ra3 Rxa3+ 89. Ke4 Ra5 90. Kd4 Rf5 91. Ke4 Kf8 92. Kd4 Rxf4+ 93. Kd5 Rxh4 94. Ke5 Rg4 95. Kf6 h4 96. Ke5 Rxg5+ 97. Kf6 Rh5 1/2-1/2


[Site "https://www.chess.com"]

[Event "Titled Tuesday Blitz June 27 Late 2023"]
[White "Roman, Rodrigo"]
[Black "Deng, Henry"]
[WhiteFideId "3701220"]
[BlackFideId "30965454"]
[WhiteElo "2344"]
[BlackElo "2493"]
[Result "0-1"]
[Round "5"]
[TimeControl "180+2"]
[Date "2023.06.27"]
[WhiteClock "0:00:18"]
[BlackClock "0:00:17"]
[Board "129"]

1. e4 c5 2. Nf3 e6 3. d4 cxd4 4. Nxd4 Nf6 5. Nc3 Nc6 6. Ndb5 Bc5 7. Bf4 O-O 8. Bd6 Qb6 9. Bxc5 Qxc5 10. Qd6 Qb6 11. f3 Ne8 12. Qd2 a6 13. Na4 Qd8 14. Nd6 Nxd6 15. Qxd6 b5 16. Nc5 Qa5+ 17. c3 b4 18. Nb3 Qb6 19. cxb4 Qe3+ 20. Be2 a5 21. Nxa5 Ba6 22. Qd2 Qxd2+ 23. Kxd2 Bxe2 24. Kxe2 Nxb4 25. Nc4 Nxa2 26. Rhd1 g6 27. Na3 Rxa3 28. bxa3 Nc3+ 29. Ke3 Nxd1+ 30. Rxd1 Ra8 31. Rxd7 Rxa3+ 32. Kf2 Ra2+ 33. Kg3 Kg7 34. h4 h6 35. Rb7 Rc2 36. Rb5 f5 37. e5 g5 38. hxg5 hxg5 39. Rb7+ Kg6 40. Rb6 f4+ 41. Kh3 Kf5 42. Rb5 Rc1 43. Kh2 Re1 44. Ra5 Rxe5 45. Ra8 Re1 46. Rf8+ Kg6 47. Rg8+ Kf6 48. Rf8+ Kg7 49. Re8 e5 50. Re6 Kf7 51. Ra6 e4 52. fxe4 Rxe4 53. Kh3 Re3+ 54. Kh2 g4 55. Ra4 g3+ 56. Kh3 Kg6 57. Rxf4 Ra3 58. Rg4+ Kh5 59. Rxg3 Ra1 60. Rf3 Rh1+ 61. Kg3 Kg6 62. Rf4 Ra1 63. Ra4 Rxa4 0-1


[Site "https://www.chess.com"]

[Event "Titled Tuesday Blitz June 27 Late 2023"]
[White "Muhammed, Shuaau"]
[Black "Toncheva, Nadya"]
[WhiteFideId "16700406"]
[BlackFideId "2924056"]
[WhiteElo "2341"]
[BlackElo "2491"]
[Result "1-0"]
[Round "5"]
[TimeControl "180+2"]
[Date "2023.06.27"]
[WhiteClock "0:00:20"]
[BlackClock "0:00:04"]
[Board "130"]

1. e4 c5 2. Nf3 Nc6 3. d4 cxd4 4. Nxd4 g6 5. Nc3 Bg7 6. Be3 Nf6 7. Qd2 O-O 8. O-O-O d5 9. exd5 Nxd5 10. Nxc6 bxc6 11. Bd4 Nf6 12. f3 Qc7 13. Bc4 Rd8 14. Qe3 Ne8 15. Bxg7 Nxg7 16. g4 Be6 17. Bxe6 Nxe6 18. h4 Qf4 19. Qxf4 Nxf4 20. Rhe1 Kf8 21. Ne4 Ng2 22. Rh1 Rxd1+ 23. Kxd1 Rd8+ 24. Ke2 Nf4+ 25. Ke3 Nd5+ 26. Ke2 Nb4 27. c3 Nd3 28. b3 Kg7 29. Ke3 Ne5 30. Nf2 f5 31. gxf5 gxf5 32. f4 Nf7 33. Rd1 Nd6 34. c4 Kf6 35. c5 Nb7 36. Rxd8 Nxd8 37. Nd3 Ke6 38. Kd4 Nf7 39. b4 a6 40. a4 Kd7 41. Ne5+ Ke6 42. Nxc6 h5 43. b5 axb5 44. axb5 Nh8 45. Ne5 Kf6 46. c6 1-0


[Site "https://www.chess.com"]

[Event "Titled Tuesday Blitz June 27 Late 2023"]
[White "The_Straightforward_Rook"]
[Black "Mattheii"]
[WhiteElo "2340"]
[BlackElo "2489"]
[Result "0-1"]
[Round "5"]
[TimeControl "180+2"]
[Date "2023.06.27"]
[WhiteClock "0:00:02"]
[BlackClock "0:00:04"]
[Board "131"]

1. Nf3 Nf6 2. c4 e6 3. Nc3 d5 4. d4 Be7 5. cxd5 exd5 6. Qc2 O-O 7. Bf4 c6 8. e3 Re8 9. Bd3 Na6 10. a3 Nc7 11. b4 Ne6 12. Bg3 a6 13. O-O g6 14. h3 Ng7 15. Ne5 Bf5 16. Rae1 Bxd3 17. Qxd3 Nf5 18. Bh2 Nd6 19. f3 Rc8 20. Kh1 b5 21. Nb1 Nc4 22. Nd2 a5 23. Ndxc4 bxc4 24. Qc3 axb4 25. axb4 Qb6 26. Rb1 Ra8 27. Rf2 Ra4 28. Rfb2 Qb5 29. g4 Rea8 30. Bg3 Ra3 31. Qc1 Ra2 32. Be1 Ne8 33. Nd7 Rxb2 34. Rxb2 Nc7 35. Bc3 Qa4 36. Nc5 Qa3 37. Kg2 Nb5 38. Rc2 Nxc3 39. Rxc3 Qxb4 40. Nd7 Ra2+ 41. Rc2 Qb3 42. Rxa2 Qxa2+ 43. Kg3 Bd6+ 44. f4 Ba3 45. Qf1 c3 46. f5 c2 47. fxg6 hxg6 48. Nf6+ Kh8 49. Ne8 Be7 50. Qf4 Bf8 51. Qf6+ Kg8 52. Qe5 c1=Q 53. Nf6+ Kh8 54. Nh5+ Kg8 55. Nf6+ Kh8 56. Ne8+ Kh7 57. Nf6+ Kh6 58. g5+ Kg7 59. Nh5+ Kg8 60. Nf6+ Kh8 61. Ne8+ Kh7 62. Nf6+ Kg7 63. Nd7+ Kg8 64. Nf6+ Kh8 65. Nd7+ Bg7 66. Nf6 Qg1+ 67. Kh4 Qaf2+ 68. Qg3 Qfxg3# 0-1


[Site "https://www.chess.com"]

[Event "Titled Tuesday Blitz June 27 Late 2023"]
[White "Szente Varga, Fruzsina"]
[Black "Uzcategui Rodriguez, Alejandro"]
[WhiteFideId "712264"]
[BlackFideId "3903400"]
[WhiteElo "2338"]
[BlackElo "2483"]
[Result "0-1"]
[Round "5"]
[TimeControl "180+2"]
[Date "2023.06.27"]
[WhiteClock "0:00:15"]
[BlackClock "0:00:05"]
[Board "132"]

1. e4 d5 2. exd5 Nf6 3. d4 Nxd5 4. c4 Nb6 5. Nc3 g6 6. Nf3 Bg7 7. Be2 O-O 8. O-O Bg4 9. Be3 Nc6 10. d5 Bxf3 11. Bxf3 Ne5 12. Bxb6 axb6 13. Be2 Qd7 14. f4 Qd6 15. fxe5 Bxe5 16. h3 Qb4 17. Qc2 Qc5+ 18. Kh1 Qe3 19. Qd3 Qg5 20. Ne4 Qh4 21. Qc2 f5 22. Nd2 Qg3 23. Nf3 Bd6 24. Qd2 Bf4 25. Qe1 Qxe1 26. Rfxe1 Bd6 27. Bd3 h6 28. Re6 Kg7 29. a3 Ra5 30. Rae1 c6 31. dxc6 bxc6 32. Nd4 Rc8 33. Nc2 b5 34. b4 Raa8 35. c5 Bg3 36. Rxe7+ Kf6 37. R1e6+ Kg5 38. Ne3 Rd8 39. Be2 Bf4 40. Nf1 h5 41. g3 Bc1 42. h4+ Kh6 43. Kg2 Rxa3 44. Rxc6 Ra2 45. Ree6 Rg8 46. Kf3 f4 47. gxf4 Ra3+ 48. Kf2 Bb2 49. f5 Rf8 50. Rxg6+ Kh7 51. Rc7+ Kh8 52. Bd3 Rxd3 53. Ng3 Bc3 54. Rh6+ Kg8 55. Rg6+ Kh8 56. Nxh5 Rxf5+ 57. Ke2 Rd2+ 58. Ke3 Rxh5 59. Rb6 Rd8 60. Rxb5 Bd2+ 61. Ke2 Rxh4 62. Rb6 Re4+ 63. Kf3 Rf4+ 64. Kg3 Rf1 65. Rd6 Rg8+ 66. Kh2 Bf4+ 67. Kh3 Rh1# 0-1


[Site "https://www.chess.com"]

[Event "Titled Tuesday Blitz June 27 Late 2023"]
[White "Mathieu, Phileas"]
[Black "el_sporco"]
[WhiteFideId "36048410"]
[WhiteElo "2480"]
[BlackElo "2329"]
[Result "1-0"]
[Round "5"]
[TimeControl "180+2"]
[Date "2023.06.27"]
[WhiteClock "0:00:04"]
[BlackClock "0:00:00"]
[Board "133"]

1. d4 Nf6 2. c4 e6 3. Nf3 d5 4. Nc3 Be7 5. Bg5 O-O 6. e3 Ne4 7. Bxe7 Qxe7 8. Bd3 Nxc3 9. bxc3 c5 10. O-O Nc6 11. Rb1 b6 12. Re1 Bb7 13. cxd5 exd5 14. a4 Rfe8 15. h3 Rac8 16. Bc2 Na5 17. Bf5 Rc7 18. Ne5 Bc8 19. Bd3 f6 20. Nf3 Bd7 21. Bb5 Bxb5 22. axb5 Rec8 23. Rc1 Nc4 24. Ra1 Na5 25. Qd3 c4 26. Qf5 g6 27. Qf4 Kg7 28. e4 dxe4 29. Rxe4 Qf7 30. Rae1 Nb3 31. Re6 Rd7 32. h4 Rcc7 33. h5 Re7 34. h6+ Kf8 35. Qd6 Ke8 36. Qxc7 Rxe6 37. Qc8+ Ke7 38. Rxe6+ Qxe6 39. Qh8 Qe2 40. Qxh7+ Ke6 41. Qxg6 Nd2 42. Qg4+ 1-0


[Site "https://www.chess.com"]

[Event "Titled Tuesday Blitz June 27 Late 2023"]
[White "Cardozo Munar, Carlos Eduardo"]
[Black "Urbina Perez, Juan Antonio"]
[WhiteFideId "4409477"]
[BlackFideId "2217368"]
[WhiteElo "2315"]
[BlackElo "2469"]
[Result "1-0"]
[Round "5"]
[TimeControl "180+2"]
[Date "2023.06.27"]
[WhiteClock "0:00:15"]
[BlackClock "0:00:00"]
[Board "134"]

1. d4 Nf6 2. Bg5 e6 3. e4 h6 4. Bxf6 Qxf6 5. c3 c5 6. Nf3 g6 7. Nbd2 cxd4 8. cxd4 Bg7 9. Bd3 Nc6 10. e5 Qe7 11. O-O d5 12. a3 O-O 13. Rc1 Bd7 14. Re1 Rac8 15. Qe2 a6 16. Nf1 Na7 17. Ng3 Rxc1 18. Rxc1 Rc8 19. Rxc8+ Nxc8 20. h4 Qd8 21. h5 g5 22. Bc2 Bb5 23. Qd2 Nb6 24. b3 g4 25. Nh2 Qg5 26. Qxg5 hxg5 27. Nxg4 Bf8 28. a4 Bc6 29. Nf6+ Kh8 30. Nf1 Nd7 31. Nh7 Be7 32. Ne3 f6 33. exf6 Nxf6 34. Nxg5 Nxh5 35. Nxe6 Kg8 36. g4 Nf6 37. f3 Ne8 38. Nf5 Bf6 39. Kg2 Kf7 40. Nf4 Bd7 41. Nxd5 Bxf5 42. Bxf5 Bxd4 43. f4 Nd6 44. Bd3 b5 45. Kf3 bxa4 46. bxa4 a5 47. g5 Bb2 48. f5 Nb7 49. Bc4 Nc5 50. Ne3+ Kg7 51. Bb5 Bd4 52. Ng4 Nb7 53. Kf4 Nd6 54. f6+ Kf8 55. Bd3 Ne8 56. Kf5 Nd6+ 57. Ke6 Ne8 58. g6 Nc7+ 59. Kd6 Na6 60. g7+ 1-0


[Site "https://www.chess.com"]

[Event "Titled Tuesday Blitz June 27 Late 2023"]
[White "Gerbelli Neto, Eduardo"]
[Black "marik_spb"]
[WhiteFideId "2103281"]
[WhiteElo "2313"]
[BlackElo "2458"]
[Result "0-1"]
[Round "5"]
[TimeControl "180+2"]
[Date "2023.06.27"]
[WhiteClock "0:00:15"]
[BlackClock "0:00:16"]
[Board "135"]

1. e4 c6 2. d4 d5 3. exd5 cxd5 4. c4 e6 5. Nc3 Bb4 6. Nf3 Nc6 7. Bd3 dxc4 8. Bxc4 Nf6 9. O-O O-O 10. Bg5 h6 11. Bh4 Be7 12. Bg3 b6 13. Re1 Bb7 14. d5 Na5 15. d6 Nxc4 16. dxe7 Qxe7 17. b3 Rfd8 18. Qe2 Nd6 19. Rad1 Nf5 20. Rxd8+ Rxd8 21. Rd1 Nxg3 22. hxg3 Rxd1+ 23. Qxd1 Nd5 24. Nxd5 Bxd5 25. Ne5 Qc7 26. Qd4 Qc2 27. Qa4 Qd1+ 28. Kh2 Qh5+ 29. Kg1 Qxe5 30. Qxa7 Qe1+ 31. Kh2 Qxf2 0-1


[Site "https://www.chess.com"]

[Event "Titled Tuesday Blitz June 27 Late 2023"]
[White "Garsky, Vladyslav"]
[Black "Garmendiarov"]
[WhiteFideId "34100270"]
[WhiteElo "2438"]
[BlackElo "2311"]
[Result "1-0"]
[Round "5"]
[TimeControl "180+2"]
[Date "2023.06.27"]
[WhiteClock "0:00:39"]
[BlackClock "0:00:00"]
[Board "136"]

1. e4 c5 2. c3 Nf6 3. e5 Nd5 4. Bc4 Nb6 5. Bb3 c4 6. Bc2 Nc6 7. Nf3 d6 8. exd6 Qxd6 9. O-O Bg4 10. Qe2 e6 11. b3 cxb3 12. axb3 Be7 13. d4 O-O 14. Be3 Nd5 15. c4 Nxe3 16. fxe3 Nb4 17. Nc3 Nxc2 18. Qxc2 a6 19. Ne5 Bf5 20. Qf2 Bf6 21. Nf3 Qb4 22. Qb2 Bd3 23. Rf2 Rac8 24. Rd1 Bg6 25. e4 Rfd8 26. e5 Be7 27. Kh1 Bh5 28. Rdd2 h6 29. h3 b5 30. Na2 Qa3 31. Qxa3 Bxa3 32. c5 Bxf3 33. gxf3 a5 34. Kg2 Kf8 35. Kf1 Ke7 36. Ke2 a4 37. b4 Rd7 38. Ke3 Rcd8 39. Rd3 f6 40. f4 g5 41. exf6+ Kxf6 42. fxg5+ Kxg5 43. Rc2 e5 44. Rxa3 exd4+ 45. Kd3 Re7 46. Re2 Rf7 47. Kd2 Kg6 48. Nc1 Rf1 49. Rg3+ 1-0


[Site "https://www.chess.com"]

[Event "Titled Tuesday Blitz June 27 Late 2023"]
[White "Gertler, David"]
[Black "Mickiewicz, Piotr"]
[WhiteFideId "2017377"]
[BlackFideId "1114891"]
[WhiteElo "2294"]
[BlackElo "2437"]
[Result "0-1"]
[Round "5"]
[TimeControl "180+2"]
[Date "2023.06.27"]
[WhiteClock "0:00:40"]
[BlackClock "0:00:36"]
[Board "137"]

1. e4 c5 2. c3 Nf6 3. e5 Nd5 4. d4 cxd4 5. Bc4 e6 6. Bxd5 exd5 7. Qxd4 d6 8. Qxd5 dxe5 9. Qxe5+ Be6 10. Nf3 Nc6 11. Qb5 Be7 12. O-O O-O 13. Be3 Qc7 14. Nbd2 Rfd8 15. Rfe1 Rd5 16. Qe2 Rad8 17. Nd4 Nxd4 18. Bxd4 Bd6 19. h3 b6 20. Nf3 Rf5 21. Be5 h6 22. Bxd6 Rxd6 23. Nd4 Rf6 24. Qe5 Qd7 25. Re3 Rg6 26. Rg3 Rxg3 27. Qxg3 Bd5 28. Qe3 Rg6 29. Kh2 Rxg2+ 0-1


[Site "https://www.chess.com"]

[Event "Titled Tuesday Blitz June 27 Late 2023"]
[White "Labussiere, Yago"]
[Black "Sarkar, Justin"]
[WhiteFideId "2186969"]
[BlackFideId "2010011"]
[WhiteElo "2427"]
[BlackElo "2286"]
[Result "1-0"]
[Round "5"]
[TimeControl "180+2"]
[Date "2023.06.27"]
[WhiteClock "0:02:01"]
[BlackClock "0:00:00"]
[Board "138"]

1. c4 Nf6 2. Nc3 e5 3. Nf3 Nc6 4. e4 Be7 5. Be2 O-O 6. O-O d6 7. d4 Bg4 8. d5 Bxf3 9. Bxf3 Nd4 10. Be3 c5 11. dxc6 Nxf3+ 12. Qxf3 bxc6 13. Rad1 Qc7 14. b3 Nd7 15. Qg3 f5 16. Bh6 Rf7 17. exf5 Kh8 18. Bg5 Nc5 19. Bxe7 Qxe7 20. Qf3 e4 21. Qf4 Rd8 22. Rfe1 Qf6 23. Nxe4 Nxe4 24. Qxe4 Qxf5 25. Qxc6 Qxf2+ 26. Kh1 Rdf8 27. g3 d5 28. Qxd5 1-0


[Site "https://www.chess.com"]

[Event "Titled Tuesday Blitz June 27 Late 2023"]
[White "Zampronha, Wladimir Camilo"]
[Black "Haitin, Ilja"]
[WhiteFideId "2103087"]
[BlackFideId "4501764"]
[WhiteElo "2286"]
[BlackElo "2424"]
[Result "1-0"]
[Round "5"]
[TimeControl "180+2"]
[Date "2023.06.27"]
[WhiteClock "0:00:11"]
[BlackClock "0:00:00"]
[Board "139"]

1. e4 c5 2. Nf3 d6 3. d4 cxd4 4. Nxd4 Nf6 5. Nc3 a6 6. Bg5 Nbd7 7. f4 h6 8. Bxf6 gxf6 9. Qd2 Nc5 10. O-O-O Bd7 11. g3 Qa5 12. Kb1 Na4 13. Nxa4 Qxd2 14. Rxd2 Bxa4 15. Bg2 h5 16. Re1 h4 17. g4 h3 18. Bh1 Bh6 19. Rf1 Bd7 20. Nf5 Bxf5 21. exf5 Rg8 22. Bxb7 Ra7 23. Bf3 Kd8 24. Bd1 Rb7 25. Rd3 Rb4 26. Rxh3 Rxf4 27. Rxf4 Bxf4 28. Ra3 Bxh2 29. Rxa6 Rg7 30. a4 Bg1 31. Ka2 Kc7 32. b4 Rh7 33. Ra8 Rh1 34. Rf8 Bd4 35. Be2 Rh2 36. Bd3 Rg2 37. Rxf7 Rxg4 38. Rxe7+ Kc6 39. Kb3 Rg1 40. b5+ Kb6 41. Kc4 Be5 42. Kd5 Ra1 43. Re8 Rxa4 44. Rc8 Rd4+ 45. Ke6 Rb4 46. Rc6+ Kb7 47. Kd7 d5 48. Rc7+ Kb6 49. Rc6+ Kb7 50. Ke6 d4 51. Kd5 Rb2 52. Ke4 Rb1 53. Re6 Re1+ 54. Kd5 Rb1 55. Rxe5 fxe5 56. Kxe5 Rb4 57. f6 Rb1 58. f7 Re1+ 59. Kd6 Rf1 60. Ke7 Re1+ 61. Kd8 Rf1 62. Bg6 Rf6 63. Ke7 Rxg6 64. f8=Q Rb6 65. Qf3+ Kc7 66. Qd5 Re6+ 67. Qxe6 1-0


[Site "https://www.chess.com"]

[Event "Titled Tuesday Blitz June 27 Late 2023"]
[White "Kostiukov, Alexandr"]
[Black "Gasparyan, David"]
[WhiteFideId "14108100"]
[BlackFideId "13311980"]
[WhiteElo "2280"]
[BlackElo "2416"]
[Result "0-1"]
[Round "5"]
[TimeControl "180+2"]
[Date "2023.06.27"]
[WhiteClock "0:00:00"]
[BlackClock "0:02:08"]
[Board "140"]

1. g3 g6 2. Bg2 Bg7 3. c4 Nf6 4. Nf3 c6 5. O-O d5 6. cxd5 O-O 7. d4 cxd5 8. Nc3 Bg4 9. Bf4 Nc6 10. Ne5 Rc8 11. Nxc6 bxc6 12. Rc1 Qa5 13. h3 Bf5 14. g4 Bd7 15. Qa4 Qxa4 16. Nxa4 Ne4 17. Bxe4 dxe4 18. e3 Be6 19. b3 Bd5 20. Nc3 Rfd8 21. Rc2 e6 22. Rfc1 Ra8 23. Nxd5 cxd5 24. Rc7 Bf8 25. Rb7 Rdc8 26. Rxc8 Rxc8 27. Rxa7 Bb4 28. Rb7 Ba3 29. Rb8 Rf8 30. Rxf8+ Kxf8 31. Kf1 Ke7 32. Ke2 Kd7 33. Kd2 Kc6 34. Kc2 Kb5 35. Bc7 f5 36. Bd8 h6 37. gxf5 exf5 38. Bf6 Bb4 39. Bg7 h5 40. Bh6 Be1 0-1


[Site "https://www.chess.com"]